 Dungeon Crawl Stone Soup version 0.24.0-41-g2ae2f7f1be (webtiles) character file.

Game seed: 6152445224408872734, levelgen mode: deterministic

68 Delamore the Chopper (level 4, -14/58 HPs)
             Began as a Hill Orc Fighter on Dec 13, 2019.
             Killed by divine providence
             ... invoked by an orc priest
              (17 damage)
             ... on level 3 of the Dungeon.
             The game lasted 00:02:04 (2387 turns).

Delamore the Chopper (Hill Orc Fighter)             Turns: 2387, Time: 00:02:04

Health: -14/58     AC: 22    Str: 19    XL:     4   Next: 19%
Magic:  4/4        EV:  2    Int:  8    God:
Gold:   94         SH:  9    Dex: 13    Spells: 3/3 levels left

rFire    . . .     SeeInvis .   a - +0 war axe
rCold    . . .     Gourm    .   c - +0 shield
rNeg     + + +     Faith    .   (armour currently unavailable)
rPois    +         Spirit   .   (helmet currently unavailable)
rElec    .         Reflect  .   (cloak currently unavailable)
rCorr    .         Harm     .   (gloves currently unavailable)
MR       .....     NoTele   +   (boots currently unavailable)
Stlth    ++........             m - amulet of regeneration
HPRegen  0.59/turn              h - +3 ring of dexterity
MPRegen  0.09/turn              x - ring of stealth

@: tree-form
A: no striking features
a: Convert to Beogh


You were on level 3 of the Dungeon.
You were not hungry.
You were a tree.
You visited 1 branch of the dungeon, and saw 3 of its levels.

You collected 94 gold pieces.

Inventory:

Hand Weapons
 a - a +0 war axe (weapon)
Missiles
 y - 2 curare-tipped darts (quivered)
Armour
 b - a +0 scale mail (melded)
 c - a +0 shield (worn)
 r - a +0 pair of gloves (melded)
Jewellery
 h - a +3 ring of dexterity (left branch)
 k - an uncursed ring of magical power
 m - an amulet of regeneration (around neck)
 x - a ring of stealth (right branch)
Scrolls
 e - a scroll of magic mapping {unknown}
 g - 2 scrolls of blinking {unknown}
 i - 2 scrolls of teleportation {unknown}
 n - a scroll of fog {unknown}
 o - a scroll of amnesia {unknown}
 p - 2 scrolls of remove curse {unknown}
 s - a scroll of random uselessness {unknown}
 u - 2 scrolls of identify {unknown}
Potions
 d - 2 potions of might
 j - a potion of magic {unknown}
 q - a potion of curing
 t - a potion of haste {unknown}
 z - a potion of ambrosia {unknown}
Comestibles
 f - 4 rations


   Skills:
 - Level 3.6 Fighting
 + Level 5.8 Axes
 - Level 3.2 Armour
 - Level 3.2 Shields


You had 3 spell levels left.
You didn't know any spells.
Your spell library was empty.

Dungeon Overview and Level Annotations

Branches:
Dungeon (3/15)

Altars:


Innate Abilities, Weirdness & Mutations

((You are resistant to electric shocks. (rElec)))
((Your movements are slightly less encumbered by armour. (ER -2)))


Message History

You feel less encumbered by your armour.
You feel insulated.
The orc priest miscasts a cantrip.
The orc priest hits you with a +0 hand axe.
* * * LOW HITPOINT WARNING * * *
It was a potion of lignification.
You turn into a tree.
Your +0 pair of gloves melds into your body.
Your +0 scale mail melds into your body.
Your roots penetrate the ground.
The orc priest miscasts a cantrip.
The orc priest hits you but does no damage.
You hit the orc priest but do no damage.
The orc priest is moderately wounded.
You hit the orc priest.
The orc priest shouts, "Surrender to Beogh and we'll let you live!"
The orc priest hits you with a +0 hand axe.
* * * LOW HITPOINT WARNING * * *
The orc priest calls down the wrath of Beogh upon you.
Beogh smites you!
You die...

#########......# #.....
........#......#####.....
........'..........'.....
######.#......##.##.....
#.#########'##..... #..#
#.....#### ##.# #.....#
##+####.# #.....#
.......♣# #.....#
.......oo.....#.....#
...$...#......#.....#
....... ......#.....#
....... ......#.....#
....... #.....#.....#
....... ..#####)####
....... #.# #.# #.#######


You could see 2 orc priests.

Vanquished Creatures
  2 adders (D:3)
  2 worms
  A dart slug (D:3)
  3 orcs (D:3)
  2 giant cockroaches
  6 goblins
  7 hobgoblins
  2 ball pythons
  3 bats
  2 frilled lizards (D:3)
  4 kobolds
  7 rats
41 creatures vanquished.

Notes
Turn   | Place    | Note
-------+----------+-------------------------------------------
     0 | D:1      | Delamore the Hill Orc Fighter began the quest for the Orb.
     0 | D:1      | Reached XP level 1. HP: 19/19 MP: 1/1
    44 | D:1      | Reached skill level 3 in Axes
   268 | D:1      | Reached XP level 2. HP: 26/26 MP: 2/2
   394 | D:1      | Reached skill level 4 in Axes
  1101 | D:2      | Reached XP level 3. HP: 25/31 MP: 3/3
  1955 | D:3      | Reached skill level 5 in Axes
  2161 | D:3      | Reached XP level 4. HP: 36/39 MP: 4/4
  2385 | D:3      | Gained mutation: Your movements are slightly less
                  | encumbered by armour. (ER -2) [potion of mutation]
  2385 | D:3      | Gained mutation: You are resistant to electric shocks.
                  | (rElec) [potion of mutation]
  2387 | D:3      | Killed from afar by an orc priest

Levels and vault maps discovered:
D:1:      roderic_crop_circles_arrival_small, layout_basic
D:2:      layout_basic
D:3:      layout_basic, first_ration, minmay_misc_feat_alley,
          hangedman_decor_slide_cut

Skill      XL: |  1  2  3 |
---------------+----------+-----
Axes           | 3 4 5 |  5.8
Fighting       | |  3.6
Armour         | |  3.2
Shields        | |  3.2

Action                   |  1- 3 |  4- 6 || total
-------------------------+-------+-------++-------
Melee: War axe           |    97 |    21 ||   118
  Use: Potion            |       |     3 ||     3
  Eat: Chunk             |     4 |     1 ||     5
Armor: Scale mail        |    48 |     6 ||    54
       Skin              |       |     1 ||     1
Dodge: Dodged            |    32 |     7 ||    39
Block: Shield            |    36 |     4 ||    40
